 Dungeon Crawl Stone Soup version 0.29.0-4-gdea44cf6ec (webtiles) character file.

Game seed: 4759726645000958840

287 PieDemon the Chopper (level 6, 0/56 HPs)
             Began as a Minotaur Fighter on Aug 27, 2022.
             Slain by a gnoll
             ... wielding a +0 halberd
              (12 damage)
             ... on level 3 of the Dungeon.
             The game lasted 00:02:21 (2238 turns).

PieDemon the Chopper (Minotaur Fighter)             Turns: 2238, Time: 00:02:21

Health: 0/56       AC:  6    Str: 23    XL:     6   Next: 8%
Magic:  5/5        EV:  9    Int:  5    God:
Gold:   156        SH:  4    Dex:  9    Spells: 5/5 levels left

rFire   . . .      SeeInvis .   a - +0 war axe
rCold   . . .      Faith    .   c - +0 buckler
rNeg    . . .      Spirit   .   b - +0 scale mail
rPois   .          Reflect  .   (helmet restricted)
rElec   .          Harm     .   (no cloak)
rCorr   .          Rampage  .   (no gloves)
Will    .....                   (no boots)
Stlth   ..........              (no amulet)
HPRegen 0.18/turn               (no ring)
MPRegen 0.09/turn               (no ring)

@: no status effects
A: horns 2, retaliatory headbutt
a: no special abilities


You were on level 3 of the Dungeon.
You visited 1 branch of the dungeon, and saw 3 of its levels.

You collected 156 gold pieces.

Inventory:

Hand Weapons
 a - a +0 war axe (weapon)
Missiles
 g - a throwing net (quivered)
Armour
 b - a +0 scale mail (worn)
 c - a +0 buckler (worn)
Jewellery
 n - an amulet of faith
 s - an amulet of regeneration
Scrolls
 d - 2 scrolls of enchant armour {unknown}
 e - 2 scrolls of vulnerability {unknown}
 f - 2 scrolls of identify {unknown}
 i - a scroll of teleportation {unknown}
 j - 2 scrolls of blinking {unknown}
 o - 2 scrolls of magic mapping {unknown}
 q - a scroll of immolation {unknown}
Potions
 h - a potion of ambrosia {unknown}
 k - a potion of mutation {unknown}
 l - a potion of curing {unknown}
 m - a potion of attraction {unknown}
 p - a potion of haste {unknown}
 r - a potion of lignification {unknown}


   Skills:
 + Level 5.1 Fighting
 * Level 5.8 Axes
 - Level 3.6 Armour
 - Level 5.1 Shields


You had 5 spell levels left.
You didn't know any spells.
Your spell library contained the following spells:

 Spells                   Type           Power      Damage    Failure   Level
 Ozocubu's Armour         Ice            0%         N/A       99%         3
 Ozocubu's Refrigeration  Ice            0%         4d7       100%        7


Dungeon Overview and Level Annotations

Branches:
Dungeon (3/15)

Altars:


Innate Abilities, Weirdness & Mutations

You have a pair of horns on your head.
You reflexively headbutt those who attack you in melee.


Message History

A gnoll comes into view. It is wielding a +0 halberd.
The gnoll shouts!
You hear a shout!
A gnoll comes into view. It is wielding a +0 flail.
Found a stone staircase leading down.
Found a potion of might.
The gnoll barely misses you.
You hit the gnoll but do no damage. The gnoll hits you with a +0 flail!
The gnoll hits you from afar with a +0 halberd!
You hit the gnoll but do no damage. The gnoll hits you but does no damage.
The gnoll barely misses you.
You completely miss the gnoll. You hit the gnoll.
The gnoll hits you with a +0 flail.
A gnoll comes into view. It is wielding a +0 flail.
The gnoll hits you with a +0 flail. You block the gnoll's attack.
The gnoll barely misses you. You furiously retaliate!
You headbutt the gnoll!
You kill the gnoll!
The gnoll barely misses you.
An endoplasm comes into view.
You barely miss the gnoll.
The gnoll shouts!
You hear an angry hiss.
You hear a shout!
The gnoll hits you from afar with a +0 halberd.
The gnoll hits you with a +0 flail!
You are too injured to fight recklessly!
Unknown command.
You barely miss the gnoll.
The gnoll hits you from afar with a +0 halberd.
* * * LOW HITPOINT WARNING * * *
The gnoll misses you. You furiously retaliate!
You headbutt the gnoll.
Unknown command.
You hit the gnoll but do no damage.
The gnoll is lightly wounded.
You block the gnoll's attack. The gnoll closely misses you.
An adder comes into view.
Unknown command.
A hobgoblin comes into view.
The hobgoblin shouts!
The endoplasm freezes you.
You are frozen.
* * * LOW HITPOINT WARNING * * *
The gnoll hits you but does no damage. The gnoll hits you with a +0 halberd!
You die...

###### #.##..#
#. #.##..# #. #
#.##..# #.
#.#...# ##.
#...#.# ...g
#.....#
#S.######..####
#..gJ.....#
##.g@g###.#
#.....#.>....#
.!### ##.......
...##.## ....
..# .#......#
.##.### .#


You could see 3 gnolls, an adder, an endoplasm and a hobgoblin.

Vanquished Creatures
  Sigmund (D:2)
  4 gnolls
  An adder (D:3)
  A dart slug (D:3)
  An orc (D:3)
  5 endoplasms
  A giant cockroach (D:1)
  7 goblins
  8 hobgoblins
  8 jackals
  3 quokkas
  5 ball pythons
  6 bats
  A frilled lizard (D:2)
  4 kobolds
  10 rats
66 creatures vanquished.

Notes
Turn   | Place    | Note
-------+----------+-------------------------------------------
     0 | D:1      | PieDemon the Minotaur Fighter began the quest for the Orb.
     0 | D:1      | Reached XP level 1. HP: 19/19 MP: 0/0
   238 | D:1      | Reached XP level 2. HP: 16/27 MP: 1/1
  1022 | D:1      | Reached XP level 3. HP: 33/33 MP: 2/2
  1110 | D:2      | Noticed Sigmund
  1121 | D:2      | Killed Sigmund
  1122 | D:2      | Reached skill level 5 in Axes
  1122 | D:2      | Reached XP level 4. HP: 12/41 MP: 3/3
  1122 | D:2      | Reached XP level 5. HP: 13/47 MP: 4/4
  1529 | D:2      | Reached skill level 5 in Fighting
  1529 | D:2      | Reached skill level 5 in Shields
  1658 | D:2      | Found a faded altar of an unknown god.
  2100 | D:3      | Reached XP level 6. HP: 49/56 MP: 5/5
  2238 | D:3      | Slain by a gnoll

Illustrated notes

Levels and vault maps discovered:
D:1:      lordsloth_arrival_two_stooges, layout_basic,
          dreamdust_mushroom_princess, minmay_misc_feat_alley, minivault_26,
          minmay_unequal
D:2:      layout_rooms, shapermc_ecumenical_altar_petra, uniq_sigmund
D:3:      layout_basic, minivault_26

Skill      XL: |  1  2  3  4  5 |
---------------+----------------+-----
Axes           | 3 5 |  5.8
Fighting       | 4 5 |  5.1
Shields        | 4 5 |  5.1
Armour         | |  3.6

Action                   |  1- 3 |  4- 6 || total
-------------------------+-------+-------++-------
Melee: War axe           |    50 |    58 ||   108
       Headbutt          |     8 |     5 ||    13
  Use: Potion            |     1 |       ||     1
Armor: Scale mail        |    18 |    31 ||    49
Dodge: Dodged            |    19 |    39 ||    58
Block: Buckler           |     7 |    11 ||    18
